 Seeded DCSS version 0.31-a0-667-g39726597b9 (webtiles) character file.

Game seed: 8226958467842168542 (custom seed)

112 demibob the Slasher (level 4, 35/35 HPs)
             Began as a Minotaur Chaos Knight on Sept 3, 2023.
             Was a Plaything of Xom.
             Quit the game on level 2 of the Dungeon.
             The game lasted 00:02:21 (1423 turns).

demibob the Slasher (Minotaur Chaos Knight)         Turns: 1423, Time: 00:02:22

Health: 35/35      AC:  5    Str: 17    XL:     4   Next: 64%
Magic:  3/3        EV: 11    Int:  9    God:    Xom [......]
Gold:   86         SH:  0    Dex: 11    Spells: 3/3 levels left

rFire   . . .        a - +0 falchion (chaos)
rCold   . . .        (no shield)
rNeg    . . .        b - +2 leather armour
rPois   .            (helmet restricted)
rElec   .            (no cloak)
rCorr   .            (no gloves)
SInv    .            (no boots)
Will    .....        (no amulet)
Stlth   +            (no ring)
HPRegen 0.25/turn    (no ring)
MPRegen 0.08/turn

%: no passive effects
@: no status effects
A: horns 2, retaliatory headbutt, talons 1, frail 1
a: Renounce Religion


You were on level 2 of the Dungeon.
You worshipped Xom.
You were a very special plaything of Xom.
You visited 1 branch of the dungeon, and saw 2 of its levels.

You collected 86 gold pieces.


Innate Abilities, Weirdness & Mutations

You have a pair of horns on your head.
You reflexively headbutt those who attack you in melee.
You have sharp toenails.
You are frail. (-10% HP)


   Skills:
 - Level 3.6 Fighting
 + Level 6.6 Long Blades
 - Level 2.4 Armour
 - Level 1.1 Dodging


You had 3 spell levels left.
You didn't know any spells.
Your spell library contained the following spells:

 Spells                   Type           Power      Damage    Failure   Level
 Sandblast                Erth           0%         2d4       43%         1
 Passwall                 Tmut/Erth      0%         N/A       58%         2
 Hailstorm                Conj/Ice       0%         3d3       82%         3
 Stone Arrow              Conj/Erth      0%         3d7       82%         3
 Summon Ice Beast         Ice/Summ       0%         N/A       99%         4
 Simulacrum               Ice/Necr       0%         N/A       100%        6

Inventory:

Hand Weapons
 a - a +0 falchion of chaos (weapon)
Armour
 b - a +2 leather armour (worn)
Magical Staves
 k - a staff of earth {!a}
Scrolls
 c - a scroll of butterflies
 e - a scroll of blinking {unknown}
 f - 3 scrolls of identify {unknown}
 h - 2 scrolls of teleportation {unknown}
 i - 2 scrolls of amnesia {unknown}
 l - a scroll of acquirement
Potions
 d - a potion of heal wounds {unknown}
 g - a potion of mutation {unknown}
 j - a potion of lignification {unknown}

Dungeon Overview and Level Annotations

Branches:
Dungeon (2/15)

Altars:

###.#...#...##.#####.##....###...
..#.....#.....).)##.....#### ####
#.#..##.#.#.####)....####
#.......#.....).>....#
#####......###########
#.#...........# #.#..########.#
#.#.#########.# #...........@.#
###.########### #.....# #<#
#####.###.# #.....# #######


There were no monsters in sight!


Message History

Found a stone staircase leading down.
There is a stone staircase leading down here.
You open the door.
There is an open door here.
You open the door.
There is an open door here.
You open the door. You open the door.
There is an open door here.
You now have 76 gold pieces (gained 14).
You now have 86 gold pieces (gained 10).
There is an open door here.
There is an open door here.
You open the door.
Found 7 stones.
There is an open door here.
i - 2 scrolls labelled GYINUJ ZOEMI (gained 1)
You open the door. You open the door.
There is an open door here.
Xom's power brushes against you for a moment.
Your body is suffused with distortional energy.
Your toenails lengthen and sharpen.
There is an open door here.
Done exploring.
Done exploring.
Done exploring.
This is a scroll of acquirement!
Something appears at your feet!
Are you sure you want to abandon this character and quit the game? (Confirm with "yes".)

Skill      XL: |  1  2  3 |
---------------+----------+-----
Long Blades    | 4 5 6 |  6.6
Fighting       | |  3.6
Armour         | |  2.4
Dodging        | |  1.1

Action                     |  1- 3 |  4- 6 || total
---------------------------+-------+-------++-------
  Melee: Falchion          |    87 |    36 ||   123
         Headbutt          |     7 |     6 ||    13
    Use: Potion            |     3 |       ||     3
         Scroll            |       |     1 ||     1
 Armour: Leather armour    |    85 |    14 ||    99
  Dodge: Dodged            |    70 |    24 ||    94

Levels and vault maps discovered:
D:1:      psy_arrival_statuary, layout_rooms
D:2:      layout_basic, uniq_robin

Notes
Turn   | Place    | Note
-------+----------+-------------------------------------------
     0 | D:1      | demibob the Minotaur Chaos Knight began the quest for the
                  | Orb.
     0 | D:1      | Reached XP level 1. HP: 19/19 MP: 0/0
    86 | D:1      | XOM: butterfly on damage
    90 | D:1      | Reached skill level 4 in Long Blades
    90 | D:1      | Reached XP level 2. HP: 8/26 MP: 1/1
   206 | D:1      | Reached skill level 5 in Long Blades
   236 | D:1      | XOM: silly message
   240 | D:1      | Reached XP level 3. HP: 23/31 MP: 2/2
   630 | D:2      | XOM: give mutation
   630 | D:2      | Gained mutation: You are frail. (-10% HP) [Xom's mischief]
   664 | D:2      | Noticed Robin
   697 | D:2      | Killed Robin
   698 | D:2      | Reached skill level 6 in Long Blades
   698 | D:2      | Reached XP level 4. HP: 15/35 MP: 3/3
   762 | D:2      | XOM: 3-stop teleportation journey
  1136 | D:2      | XOM: 2-stop teleportation journey
  1379 | D:2      | XOM: give mutation
  1379 | D:2      | Gained mutation: You have sharp toenails. [Xom's mischief]
  1422 | D:2      | Identified 2 scrolls of acquirement
  1422 | D:2      | Acquired 682 gold pieces
  1423 | D:2      | Quit the game

Vanquished Creatures
  Robin (D:2)
  2 adders (D:2)
  A gnoll (D:1)
  2 worms (D:2)
  5 ball pythons
  2 bats (D:1)
  4 endoplasms
  14 goblins
  6 hobgoblins
  11 jackals
  3 quokkas
  A frilled lizard (D:2)
  2 kobolds (D:1)
  8 rats
62 creatures vanquished.

Table legend: (Time is in decaauts)
 A = Elapsed time spent in this place.
 B = Non-inter-level travel time spent in this place.
 C = Inter-level travel time spent in this place.
 D = Time resting spent in this place.
 E = Time spent auto-exploring this place.
 F = Levels seen in this place.
 G = Mean time per level.
                   A        B        C        D        E       F      G
               +--------+--------+--------+--------+--------+-----+--------+
         Total |   1426 |   1408 |     18 |      0 |   1158 |   2 |  713.0 |
       Dungeon |   1426 |   1408 |     18 |      0 |   1158 |   2 |  713.0 |
               +--------+--------+--------+--------+--------+-----+--------+

Top non-repeatable levels by time:
     D:2: 916 daAuts
     D:1: 509 daAuts

Table legend:
 A = Non-vault XP
 B = Vault XP
 C = Vault XP percentage of total XP
 D = Non-vault monster count
 E = Vault monster count
 F = Vault count percentage of total count
                 A         B        C        D         E       F
            +---------+---------+-------+---------+---------+-------
      Total |     127 |      34 |  21.1 |      50 |      12 |  19.4
            +---------+---------+-------+---------+---------+-------
        D:1 |      56 |       0 |   0.0 |      26 |       0 |   0.0
        D:2 |      71 |      34 |  32.4 |      24 |      12 |  33.3
            +---------+---------+-------+---------+---------+-------
